[Event "Live Chess"]
[Site "Chess.com"]
[Date "2023.05.20"]
[Round "-"]
[White "lucaskk818"]
[Black "NatashaRegan"]
[Result "1-0"]
[WhiteElo "1901"]
[BlackElo "1766"]
[TimeControl "300"]
[EndTime "14:06:29 PDT"]
[Termination "lucaskk818 won by resignation"]

1. d4 f5 2. e4 Nf6 3. exf5 d5 4. Bd3 Nc6 5. Nf3 Ne4 6. c3 Bxf5 7. Ng5 Qd7 8. O-O O-O-O 9. Re1 Nxg5 10. Bxg5 h6 11.
Bf4 g5 12. Be5 Rg8 13. b4 Nxe5 14. Rxe5 Bg4 15. f3 Bh5 16. a4 Bg7 17. Bf5 Bxe5 18.
Bxd7+ Rxd7 19. dxe5 g4 20. fxg4 Bxg4 21. Qd3 e6 22.
Na3 Bf5 23. Qe3 h5 24. Nb5 Rdg7 25. g3 a6 26. Nd4 Be4 27. Nxe6 Rg6 28. Nf4 Rg5 29.
e6 h4 30. Kf2 hxg3+ 31. hxg3 Rh8 32. Rg1 Rh2+ 33. Ng2 Rf5+ 34. Ke1 Bxg2 35. e7 1-0

[Event "Live Chess"]
[Site "Chess.com"]
[Date "2023.05.20"]
[Round "-"]
[White "chessfiction"]
[Black "MarkLim1"]
[Result "1-0"]
[WhiteElo "2376"]
[BlackElo "1655"]
[TimeControl "300"]
[EndTime "14:06:29 PDT"]
[Termination "chessfiction won by resignation"]

1. e4 e6 2. d4 d5 3. Nc3 Nf6 4. e5 Nfd7 5. f4 c5 6. Nf3 Nc6 7. Ne2 b5 8. h4 b4 9. h5 Ba6 10. g4 Bxe2 11. Qxe2 Qb6 12. Bh3 cxd4 13. f5 O-O-O 14. Ng5 Ndxe5 15. Bf4 h6 16. Bxe5 hxg5 17. fxe6 fxe6 18. O-O-O Bc5 19. Bxg7 Rhe8 20. h6 d3 21. Rxd3 e5 22. h7 e4 23. Rdd1 Bd4 24. h8=Q Rxh8 25. Bxh8 Bxh8 26. Bf1 Nd4 27. Qa6+ Kc7 28. Rh7+ Kc6 29. Rh6+ Rd6 30. Rxh8 1-0

[Event "Live Chess"]
[Site "Chess.com"]
[Date "2023.05.20"]
[Round "-"]
[White "Shepherds_Pie"]
[Black "howitzer14"]
[Result "0-1"]
[WhiteElo "1926"]
[BlackElo "2890"]
[TimeControl "300"]
[EndTime "14:06:31 PDT"]
[Termination "howitzer14 won by resignation"]

1. c4 b6 2. Nc3 Bb7 3. e4 e5 4. Nf3 Nc6 5. d4 exd4 6. Nxd4 Bb4 7. Be3 Bxc3+ 8. bxc3 Qe7 9. f3 O-O-O 10. Be2 Kb8 11. O-O g6 12. a4 Na5 13. Nb5 d6 14. Rb1 f5 15. Qc2 Nf6 16. Bg5 h6 17. Bxf6 Qxf6 18. exf5 gxf5 19. Nd4 f4 20. Qf5 Rhf8 21. Qxf6 Rxf6 22.
Bd3 Ba6 23. Nb5 Re8 24. Rfe1 Rfe6 25. Rxe6 Rxe6 26. Kf2 Re5 27. Re1 Rxe1 28. Kxe1 Bxb5 29. cxb5 Kc8 30. g4 Kd7 31. h4 Ke6 32. g5 hxg5 33.
hxg5 Nb7 34. g6 Nc5 35. Bc2 Kf6 36. Kf2 Nd7 37. Kg2 Ne5 38. Kh3 Kg7 39. Kh4 Nxf3+ 40. Kg4 Ne1 41. Be4 f3 42. Kg3 d5 43. Bb1 Ng2 44.
Kxf3 Nh4+ 45. Kg4 Nxg6 46. Kf5 Kf7 47. Bc2 c6 48. bxc6 Ne7+ 49. Ke5 Nxc6+ 50. Kxd5 Na5 51. Bd3 Ke7 52. Ke5 Kd7 53. Bb5+ Kc7 54. Kd5 Nb7 55.
Kc4 Nc5 56. Kb4 a5+ 57. Kc4 Kd6 58. Kd4 Ne6+ 59. Kc4 Nc7 60. Kb3 Nxb5 61. axb5 Kc5 62. c4 Kd4 63. c5 Kxc5 64. Ka4 Kc4 65. Ka3 Kxb5 66. Kb3 a4+ 67. Ka3 Ka5 68. Kb2 b5 69. Kc3 b4+ 70. Kc4 a3 71. Kb3 Kb5 72. Ka2 Ka4 73. Kb1 b3 74. Kc1 Kb4 75. Kd2 a2 76.
Kd3 a1=Q 77. Ke3 Qc3+ 78. Ke4 b2 79. Kd5 b1=Q 80. Kd6 Qbb2 81. Ke6 Qbd2 0-1

[Event "Live Chess"]
[Site "Chess.com"]
[Date "2023.05.20"]
[Round "-"]
[White "jennybobby44"]
[Black "BostonStrangler"]
[Result "0-1"]
[WhiteElo "1847"]
[BlackElo "2059"]
[TimeControl "300"]
[EndTime "14:06:33 PDT"]
[Termination "BostonStrangler won by resignation"]

1. Nf3 g6 2. g3 Bg7 3. Bg2 c5 4.
O-O Nc6 5. e4 d6 6. c3 e5 7. d3 Nge7 8. Be3 O-O 9. d4 b6 10.
h3 Ba6 11. Re1 Rc8 12. dxe5 Nxe5 13. Nxe5 dxe5 14. Na3 Nc6 15. Qxd8 Rfxd8 16. Rad1 Rxd1 17. Rxd1 Rd8 18. Rxd8+ Nxd8 19. Bf1 Bb7 20. f3 f5 21. Bd3 fxe4 22. Bxe4 Bxe4 23. fxe4 Kf7 24. Nb5 a6 25. Nc7 a5 26. Nd5 Nb7 27. Nxb6 Nd6 28. Nc4 Nxc4 0-1

[Event "Live Chess"]
[Site "Chess.com"]
[Date "2023.05.20"]
[Round "-"]
[White "LL220284LL"]
[Black "JoeRoot66"]
[Result "0-1"]
[WhiteElo "2376"]
[BlackElo "1917"]
[TimeControl "300"]
[EndTime "14:06:40 PDT"]
[Termination "JoeRoot66 won by resignation"]

1. Nf3 Nf6 2. e3 d5 3. b3 Bf5 4. Bb2 e6 5. Be2 Be7 6. O-O c5 7. d4 cxd4 8. Nxd4 Bg6 9. Nd2 Nc6 10. c4 O-O 11. cxd5 Nxd5 12. Nxc6 bxc6 13. Nc4 Bf6 14.
Bxf6 Qxf6 15. Rc1 Rfd8 16. Qe1 Rac8 17. Bf3 e5 18. Qa5 Bd3 19. Rfd1 e4 20. Bg4 Rc7 21. Nb2 Qxb2 22. h4 g6 23. h5 f5 24. Bh3 Rdc8 25.
hxg6 hxg6 26. Qc5 Qf6 27. b4 Kg7 28. b5 cxb5 29. Qxd5 Rxc1 30. Rxc1 Rxc1+ 31. Kh2 Rc6 32. Qd7+ Kh6 33. Qe8 Qd6+ 34. g3 Kg7 35. Kg2 Rc1 36. Kh2 Bf1 37. Bxf5 gxf5 38. a4 Qh6+ 39. Kg1 Be2+ 0-1

[Event "Live Chess"]
[Site "Chess.com"]
[Date "2023.05.20"]
[Round "-"]
[White "OSmith06"]
[Black "PaulHumphreys"]
[Result "1-0"]
[WhiteElo "1650"]
[BlackElo "1360"]
[TimeControl "300"]
[EndTime "14:06:45 PDT"]
[Termination "OSmith06 won on time"]

1. e4 e6 2. d4 d5 3. Nd2 dxe4 4. Nxe4 Nd7 5. Nf3 Ngf6 6. Nxf6+ Nxf6 7. Bd3 c5 8. c3 cxd4 9. Nxd4 Bd7 10. O-O Bc5 11. Be3 Bxd4 12. Bxd4 Bc6 13. Re1 O-O 14. Qc2 Qd5 15.
f3 Qg5 16. Bxf6 gxf6 17. Bxh7+ Kh8 18. Be4 Rg8 19. Bxc6 bxc6 20. Re2 Rad8 21. Rd1 Rd5 22. Rxd5 cxd5 23. Qd2 Qh5 24. g4 Qh3 25. Qf4 Rg5 26.
Qxf6+ Rg7 27. Qf4 Rh7 28. Qg3 Qh6 29. Qe1 Qf4 30. Qg3 Qc1+ 31. Kf2 Qg5 32. Qe5+ Qxe5 33.
Rxe5 Rxh2+ 34. Ke3 Rxb2 35. Rh5+ Kg7 36. a4 Ra2 37. c4 Ra3+ 38. Kd4 dxc4 39. Kxc4 Rxa4+ 40.
Kb5 Ra3 41. f4 a5 42. Rg5+ Kf6 43. Rh5 Rf3 44. Kxa5 Rxf4 45. g5+ Ke7 46. Kb5 Rf5+ 47. Kc4 Kd6 48. Kd4 Rf4+ 49. Ke3 e5 50. Rh6+ Kd5 51. Rh7 Ke6 52. Rh6+ Kf5 53. Rf6+ Kxg5 54. Ra6 f5 55. Ra8 Kh4 56. Rh8+ Kg3 57. Rg8+ Rg4 58. Rf8 f4+ 59. Ke4 Rg5 60. Rh8 f3 61. Rf8 f2 62.
Ke3 Kg2 63. Rxf2+ Kg3 64. Rf3+ Kg4 65. Rf1 Rf5 66. Rg1+ Kh5 67. Ke4 1-0

[Event "Live Chess"]
[Site "Chess.com"]
[Date "2023.05.20"]
[Round "-"]
[White "Greenbecker"]
[Black "Reggie016"]
[Result "1-0"]
[WhiteElo "1657"]
[BlackElo "1069"]
[TimeControl "300"]
[EndTime "14:06:49 PDT"]
[Termination "Greenbecker won by resignation"]

1. e4 e6 2. d4 d5 3. exd5 exd5 4.
Nf3 c5 5. c3 Nf6 6. Bb5+ Bd7 7.
Bxd7+ Nbxd7 8. O-O Be7 9. Re1 O-O 10. dxc5 Bxc5 11. Bg5 Qb6 12. Be3 Bxe3 13. Rxe3 Qxb2 14. Nbd2 Qa3 15. c4 Qd6 16. cxd5 Qxd5 17. Rb3 b6 18.
Rc1 Nc5 19. Rbc3 Rad8 20. Qc2 Nfe4 21. Nxe4 Nxe4 22. Rc7 Nd6 23. Rxa7 Rc8 24. Rc7 Rxc7 25. Qxc7 Nb5 26. Qxb6 Rd8 27. h3 Nd6 28. Qxd8+ 1-0

[Event "Live Chess"]
[Site "Chess.com"]
[Date "2023.05.20"]
[Round "-"]
[White "siddu198"]
[Black "weibs440"]
[Result "1-0"]
[WhiteElo "1643"]
[BlackElo "927"]
[TimeControl "300"]
[EndTime "14:07:05 PDT"]
[Termination "siddu198 won on time"]

1. e4 d6 2. d4 Nf6 3. e5 dxe5 4.
dxe5 Qxd1+ 5. Kxd1 Ng4 6. Be3 Nxe5 7. Nc3 Bf5 8. Nf3 Nxf3 9. gxf3 Nc6 10. Bd3 Bxd3 11.
cxd3 e6 12. Ke2 O-O-O 13. a3 Ne5 14. d4 Nc4 15. b4 a6 16. Rhg1 g6 17. Bg5 Rd7 18.
Bf6 Rg8 19. h4 Bg7 20. Bxg7 Rxg7 21. h5 Rxd4 22. hxg6 hxg6 23. Rad1 Rxd1 24. Rxd1 Rg8 25. a4 Rd8 26. Rxd8+ Kxd8 27. Ne4 Ke7 28. Nc5 b6 29. Nxa6 Kd6 30. Kd3 Nb2+ 31. Kc3 Nxa4+ 32. Kc4 Nb2+ 33.
Kb5 Nd1 34. Nb8 Nxf2 35. Ka6 f5 36. Kb7 e5 37. Na6 e4 38. fxe4 fxe4 39. Nxc7 e3 40. Nb5+ Ke5 41. Nc3 Kd4 42. Ne2+ Kd3 43. Ng3 g5 44.
Kxb6 g4 45. b5 e2 46. Nxe2 Kxe2 47. Ka7 g3 48. b6 g2 49. b7 g1=Q 50. b8=Q Ne4+ 51.
Kb7 Nd6+ 52. Qxd6 Qb1+ 53. Kc8 Qc1+ 54. Kd8 Qg5+ 55. Ke8 Qe3+ 56. Kf7 Qf3+ 57. Kg8 Qg4+ 58. Kh8 Qh5+ 59. Kg7 Qg5+ 60. Kf7 Qf5+ 61. Ke7 Qe4+ 62. Kd8 Qh4+ 63. Kc7 Qc4+ 64. Kb6 Qb3+ 65. Ka6 1-0

[Event "Live Chess"]
[Site "Chess.com"]
[Date "2023.05.20"]
[Round "-"]
[White "TheSmoulderingMaster"]
[Black "KGreenGator"]
[Result "0-1"]
[WhiteElo "1715"]
[BlackElo "1777"]
[TimeControl "300"]
[EndTime "14:07:19 PDT"]
[Termination "KGreenGator won by checkmate"]

1. e4 c5 2. Nf3 Nc6 3. d4 cxd4 4. Nxd4 e5 5. Nb5 d6 6. N1c3 a6 7. Na3 Nf6 8. Bg5 Be7 9. Bxf6 Bxf6 10. Nd5 Bg5 11.
Bd3 O-O 12. O-O b5 13. f4 exf4 14. Nxf4 Qb6+ 15. Kh1 Bb7 16. Nd5 Qd8 17. Qg4 Ne5 18.
Qh5 Nxd3 19. cxd3 g6 20. Qg4 Bxd5 21. exd5 f5 22. Qg3 f4 23. Qg4 Rf5 24. Nc2 Qc8 25.
Nb4 a5 26. Nc6 Bf6 27. Rae1 Rxd5 28. Qxc8+ Rxc8 29. Ne7+ Bxe7 30. Rxe7 Re5 31. Rd7 Rc6 32. h3 Rf5 33. Re1 Rf7 34. Rd8+ Rf8 35. Rd7 Rf7 36. Rd8+ Kg7 37. Ree8 f3 38. gxf3 Rxf3 39.
Kg2 Rf7 40. Kg3 Rc2 41. Kg4 Rg2+ 42. Kh4 Rf4# 0-1

[Event "Live Chess"]
[Site "Chess.com"]
[Date "2023.05.20"]
[Round "-"]
[White "smoggyrabbit"]
[Black "trekker123"]
[Result "0-1"]
[WhiteElo "1687"]
[BlackElo "2097"]
[TimeControl "300"]
[EndTime "14:07:29 PDT"]
[Termination "trekker123 won on time"]

1. d4 d5 2. Nf3 Nf6 3. e3 g6 4. Be2 Bg7 5. O-O O-O 6. b3 c6 7. Bb2 Bg4 8. Nbd2 Nbd7 9. h3 Bxf3 10. Nxf3 Ne4 11. c4 e6 12. Nd2 f5 13. f3 Nxd2 14.
Qxd2 Qg5 15. Qd3 Rad8 16. e4 f4 17. cxd5 exd5 18. e5 Rfe8 19. b4 a6 20. Qd2 Nf8 21. a4 Ne6 22. b5 c5 23. bxa6 bxa6 24. Bxa6 Nxd4 25. Bxd4 cxd4 26. Bb7 Qxe5 27. Rfe1 Qd6 28. a5 Re3 29. a6 Qb6 30. Reb1 Qa7 31. Qa5 Bf6 32.
Bxd5+ Kh8 33. Rb7 Qa8 34. Rxh7+ Kxh7 35. Bxa8 Rxa8 36. a7 Re7 37. Qc5 d3 38. Qb6 Bxa1 39.
Qb8 Re8 40. Qxf4 Rxa7 41. Qh4+ Kg7 0-1

[Event "Live Chess"]
[Site "Chess.com"]
[Date "2023.05.20"]
[Round "-"]
[White "mliszewski"]
[Black "Bob2pen"]
[Result "1-0"]
[WhiteElo "1863"]
[BlackElo "1837"]
[TimeControl "300"]
[EndTime "14:07:29 PDT"]
[Termination "mliszewski won by checkmate"]

1. d4 Nf6 2. Bg5 c5 3. d5 Qb6 4. Nc3 Qxb2 5. Bd2 d6 6. Rb1 Qa3 7. Nb5 Qxa2 8. Nc7+ Kd7 9. Nxa8 b6 10. Ra1 Qxd5 11.
Rxa7+ Kc6 12. Qb1 b5 13. Rc7# 1-0

[Event "Live Chess"]
[Site "Chess.com"]
[Date "2023.05.20"]
[Round "-"]
[White "Wild_Tiger"]
[Black "nigelst"]
[Result "0-1"]
[WhiteElo "1072"]
[BlackElo "1811"]
[TimeControl "300"]
[EndTime "14:07:40 PDT"]
[Termination "nigelst won by checkmate"]

1. d4 Nf6 2. Bg5 e6 3. e4 Be7 4. e5 Ng8 5. Bxe7 Nxe7 6. Nf3 O-O 7. Bd3 Ng6 8. Nbd2 d6 9. O-O Bd7 10. Ne4 Bc6 11. Neg5 h6 12. Bxg6 hxg5 13. Bh5 g6 14. Bg4 Kg7 15. Qd2 Rh8 16. Nxg5 dxe5 17. Qe3 Qxd4 18. Qxd4 exd4 19. Rad1 e5 20. Nf3 f6 21. b3 Na6 22. a3 Be4 23. Rd2 f5 24. Bh3 Bxf3 25.
gxf3 Rxh3 26. Re1 Re8 27. f4 e4 28. Rxd4 Nc5 29. Rc4 Ne6 30. Rd1 Re7 31. Kg2 Nxf4+ 32. Kh1 Kf6 33. Kg1 Reh7 34. Kf1 Rxh2 35. Ke1 Rg2 36. a4 Rhh2 37. Rd7 Rxf2 38. Kd1 Rh1# 0-1

[Event "Live Chess"]
[Site "Chess.com"]
[Date "2023.05.20"]
[Round "-"]
[White "Conradical12"]
[Black "chessfiction"]
[Result "0-1"]
[WhiteElo "1582"]
[BlackElo "2376"]
[TimeControl "300"]
[EndTime "14:07:41 PDT"]
[Termination "chessfiction won by resignation"]

1. e4 d5 2. exd5 c6 3. dxc6 e5 4. cxb7 Bxb7 5. Bc4 Bc5 6. Qg4 Qf6 7. Nf3 Nh6 8. Bb5+ Nc6 9. Bxc6+ Bxc6 10. O-O Nxg4 11. Nxe5 0-1

[Event "Live Chess"]
[Site "Chess.com"]
[Date "2023.05.20"]
[Round "-"]
[White "wadsy27"]
[Black "LiamClery2020"]
[Result "1-0"]
[WhiteElo "2555"]
[BlackElo "2087"]
[TimeControl "300"]
[EndTime "14:07:42 PDT"]
[Termination "wadsy27 won by resignation"]

1. c4 Nf6 2. g3 e5 3. Bg2 c6 4. d4 e4 5. Nc3 d5 6. cxd5 cxd5 7.
Bg5 Be6 8. Nh3 Nc6 9. Nf4 Be7 10. O-O O-O 11. e3 h6 12. Bxf6 Bxf6 13. Qb3 Qd7 14.
Ncxd5 Kh8 15. Nxf6 gxf6 16. Qc2 f5 17. d5 Nb4 18.
Qc3+ 1-0

[Event "Live Chess"]
[Site "Chess.com"]
[Date "2023.05.20"]
[Round "-"]
[White "LiamBellwood"]
[Black "PaulHumphreys"]
[Result "1-0"]
[WhiteElo "2057"]
[BlackElo "1360"]
[TimeControl "300"]
[EndTime "14:08:03 PDT"]
[Termination "LiamBellwood won by resignation"]

1. d4 d5 2. Nc3 c5 3. Bf4 cxd4 4.
Qxd4 Nc6 5. Qxd5 Qxd5 6. Nxd5 Nd4 7. O-O-O e5 8. Bxe5 Nc6 9. Nc7+ Ke7 10. Bd6+ Kf6 11.
Bxf8 1-0

[Event "Live Chess"]
[Site "Chess.com"]
[Date "2023.05.20"]
[Round "-"]
[White "SiDebanks"]
[Black "Pandreq"]
[Result "1-0"]
[WhiteElo "1363"]
[BlackElo "1255"]
[TimeControl "300"]
[EndTime "14:08:04 PDT"]
[Termination "SiDebanks won on time"]

1. d4 d5 2. Nc3 Nf6 3. Bf4 e6 4. e3 Bb4 5. Bd3 Nc6 6. Ne2 O-O 7. a3 Ba5 8. O-O a6 9. h3 b5 10. b4 Bb6 11. Nc1 a5 12. Nb3 axb4 13. axb4 Rxa1 14.
Qxa1 Nxb4 15. Nxb5 c6 16. Nd6 Qd7 17. Nc5 Bxc5 18.
dxc5 Nxd3 19. cxd3 Ne8 20. Rb1 Nxd6 21. Bxd6 Re8 22.
Rb8 g6 23. Qa8 Kg7 24. g4 h6 25. Kg2 f5 26. Be5+ Kh7 27. gxf5 gxf5 28. Kf3 Rg8 29. Qa1 Bb7 30. Qa7 Rxb8 31. Qxb8 Qf7 32. Qh8+ Kg6 33.
Bf4 Qh7 34. Qe8+ Qf7 35. Qxf7+ Kxf7 36. Bxh6 Kg6 37. Bf4 Kh5 38. d4 Ba6 39. Kg3 Bf1 40. h4 Be2 41. Bg5 Bg4 42. Kf4 Kg6 43. Ke5 Kf7 44.
Kd6 Bf3 45. Kxc6 e5 46. Kd7 exd4 47. exd4 Bg4 48. c6 f4+ 49. Kd8 f3 50. c7 Kg6 51.
c8=Q Bxc8 52. Kxc8 Kh5 53. Kd7 1-0

[Event "Live Chess"]
[Site "Chess.com"]
[Date "2023.05.20"]
[Round "-"]
[White "EdenHazard8"]
[Black "Geomorph"]
[Result "1-0"]
[WhiteElo "2068"]
[BlackElo "1246"]
[TimeControl "300"]
[EndTime "14:08:08 PDT"]
[Termination "EdenHazard8 won by resignation"]

1. e4 e5 2. Nf3 Nc6 3. Bc4 Bc5 4. d3 d6 5. h3 Nf6 6. O-O O-O 7. c3 a6 8. Bg5 h6 9. Bh4 Be6 10. Nbd2 b5 11.
Bxe6 fxe6 12. Re1 g5 13. Bg3 Nh5 14. Bh2 Nf4 15. Bxf4 exf4 16. Qb3 Qe7 17. d4 Ba7 18. d5 Ne5 19. Nxe5 dxe5 20. Nf3 Qd6 21. dxe6 Kg7 22.
Rad1 Qe7 23. Rd7 1-0

[Event "Live Chess"]
[Site "Chess.com"]
[Date "2023.05.20"]
[Round "-"]
[White "JoshMcK"]
[Black "ExIsambard"]
[Result "0-1"]
[WhiteElo "1564"]
[BlackElo "1976"]
[TimeControl "300"]
[EndTime "14:08:09 PDT"]
[Termination "ExIsambard won by resignation"]

1. e4 Nc6 2. Nf3 d5 3. exd5 Qxd5 4. Nc3 Qh5 5. d4 Bg4 6. Be2 Nf6 7. O-O e6 8. Ne5 Nxe5 9. dxe5 Bxe2 10. Qxe2 Qxe2 11.
Nxe2 Nd5 12. f4 O-O-O 13. b3 Bc5+ 14. Kh1 h6 15. Bb2 Ne3 16. Rfc1 g5 17. g3 gxf4 18. gxf4 Rd2 19. Ng3 Ng4 0-1

[Event "Live Chess"]
[Site "Chess.com"]
[Date "2023.05.20"]
[Round "-"]
[White "ACx04"]
[Black "CameronM1234"]
[Result "0-1"]
[WhiteElo "415"]
[BlackElo "1130"]
[TimeControl "300"]
[EndTime "14:08:16 PDT"]
[Termination "CameronM1234 won by resignation"]

1. e4 g6 2. d3 Bg7 3. Bf4 d6 4. g4 Nf6 5. g5 Nh5 6. Qf3 Nxf4 7. Qxf4 e5 8. Qf3 Nc6 9. Ne2 O-O 10. a3 h6 11.
gxh6 Bxh6 12. Nec3 Nd4 13. Qd1 Be6 14. b4 Qd7 15.
Ne2 Bg4 16. f3 Bxf3 17. Rg1 Be3 18. Nxd4 Bxd1 19. Kxd1 Bxd4 20. Ra2 Bxg1 21. Nc3 Qg4+ 22. Kd2 Qf4+ 23. Kd1 Qxf1+ 0-1

[Event "Live Chess"]
[Site "Chess.com"]
[Date "2023.05.20"]
[Round "-"]
[White "AbilifyXL"]
[Black "defenderalist"]
[Result "1-0"]
[WhiteElo "1954"]
[BlackElo "1620"]
[TimeControl "300"]
[EndTime "14:08:17 PDT"]
[Termination "AbilifyXL won by resignation"]

1. d4 Nf6 2. c4 e6 3. Nc3 d5 4.
cxd5 exd5 5. Nf3 Be6 6. Bg5 Be7 7.
e3 h6 8. Bh4 g5 9. Bg3 Nbd7 10.
Bd3 c5 11. O-O c4 12. Bc2 Nh5 13. e4 Nxg3 14. hxg3 Nb6 15. Re1 Bg4 16. exd5 Nxd5 17. Ba4+ Bd7 18. Nxd5 Bxa4 19. Qxa4+ 1-0

[Event "Live Chess"]
[Site "Chess.com"]
[Date "2023.05.20"]
[Round "-"]
[White "WilliamofOrange16th"]
[Black "DRS44"]
[Result "1-0"]
[WhiteElo "1834"]
[BlackElo "1391"]
[TimeControl "300"]
[EndTime "14:08:36 PDT"]
[Termination "WilliamofOrange16th won by resignation"]

1. e4 e5 2. Nf3 d5 3. Nxe5 Bd6 4. d4 dxe4 5. Nc4 Nf6 6. Nxd6+ Qxd6 7. Be2 O-O 8. O-O Nc6 9. Be3 Be6 10. c4 Qb4 11. Qc2 Na5 12. b3 c5 13. d5 Bg4 14.
Bd2 Qb6 15. Bc3 Bxe2 16. Qxe2 Rfe8 17. Na3 Rad8 18. Nc2 Qd6 19. Ne3 b5 20. Bxa5 bxc4 21. Bxd8 Rxd8 22. bxc4 Qe5 23. Rab1 Qc3 24. Rfc1 Qa3 25.
Rb3 Qa6 26. Rcb1 1-0

[Event "Live Chess"]
[Site "Chess.com"]
[Date "2023.05.20"]
[Round "-"]
[White "JanMur7"]
[Black "Richardallis"]
[Result "0-1"]
[WhiteElo "1982"]
[BlackElo "1859"]
[TimeControl "300"]
[EndTime "14:08:40 PDT"]
[Termination "Richardallis won by resignation"]

1. e4 d5 2. exd5 Nf6 3. Nc3 Nxd5 4. Nxd5 Qxd5 5. Nf3 Bf5 6. d4 Qe4+ 7. Be2 Qxc2 8.
Qxc2 Bxc2 9. Bf4 c6 10. O-O Be4 11. Rac1 e6 12. Nd2 Bd5 13. Nc4 Bxc4 14. Bxc4 Nd7 15. Rfe1 Be7 16. d5 cxd5 17. Bxd5 exd5 18. Bd6 O-O 19. Rxe7 Nf6 20. Rxb7 Rfd8 21. Be7 Rdc8 22.
Rxc8+ Rxc8 23. g3 Ne4 24. Rd7 h6 25. Rxd5 Rc1+ 26. Kg2 Rc2 27. Rf5 g6 28. Rf4 f5 29.
g4 Rxb2 30. gxf5 gxf5 31. a3 Rb5 32. Kh3 Kf7 33. Bb4 a5 34. Be1 Rb3+ 35. Kg2 Kg6 36.
Rf3 Rxf3 37. Kxf3 a4 38. Bb4 Nf6 39. h3 Nd5 40. Bd2 h5 41. h4 Kf6 42. Ke2 Ke5 43.
Kd3 f4 44. f3 Ne7 45. Bc3+ Kd5 46. Bd2 Ke5 47. Bc3+ Kd5 48. Bd2 Nf5 49. Be1 Nd4 50. Bd2 Nxf3 51. Bxf4 Nxh4 52. Kc3 Ke4 53. Bb8 Nf5 54.
Kb4 Kf3 55. Kxa4 Ng3 56. Kb5 h4 57. a4 h3 58. a5 h2 59. a6 h1=Q 60. a7 Kg4 61.
Kb6 Qa8 62. Bxg3 Kxg3 63. Ka6 Kf4 64. Kb6 Ke5 65. Ka6 Kd6 66. Kb6 Kd5 67. Ka6 Kc6 68. Ka5 Qxa7+ 69. Kb4 Qe3 70. Kc4 Qe4+ 71. Kb3 Qd4 0-1

[Event "Live Chess"]
[Site "Chess.com"]
[Date "2023.05.20"]
[Round "-"]
[White "JoeRoot66"]
[Black "Shepherds_Pie"]
[Result "0-1"]
[WhiteElo "1909"]
[BlackElo "1934"]
[TimeControl "300"]
[EndTime "14:08:49 PDT"]
[Termination "Shepherds_Pie won by resignation"]

1. e4 e6 2. d4 d5 3. Bd3 dxe4 4. Bxe4 Nf6 5. Bf3 c5 6. Ne2 Nc6 7. Be3 cxd4 8. Nxd4 Nxd4 9. Qxd4 Qxd4 10. Bxd4 Be7 11. Nc3 O-O 12. O-O Rd8 13. Rad1 Bd7 14. Ne4 Nxe4 15.
Bxe4 Bc6 16. Bxc6 bxc6 17. c4 c5 18. Be5 f6 19. Bc7 Rxd1 20. Rxd1 Kf8 21. b3 Ke8 22.
f3 Rc8 23. Bd6 Rd8 0-1

[Event "Live Chess"]
[Site "Chess.com"]
[Date "2023.05.20"]
[Round "-"]
[White "jk0110"]
[Black "Tushinskiy"]
[Result "0-1"]
[WhiteElo "1101"]
[BlackElo "2142"]
[TimeControl "300"]
[EndTime "14:08:54 PDT"]
[Termination "Tushinskiy won by resignation"]

1. e4 e5 2. Nf3 d6 3. d4 Bg4 4. d5 Nf6 5. c4 Nbd7 6. Nc3 Be7 7. h3 Bh5 8. Bd3 c6 9. Ne2 Bxf3 10. gxf3 Qc7 11. Rg1 g6 12. Ng3 O-O-O 13. Be3 Kb8 14. Qa4 Nc5 15. Qa3 h5 16. b4 Nxd3+ 17. Kd2 Nc5 18. bxc5 dxc5 19. Rab1 b6 20. Rgd1 cxd5 21. exd5 Ne8 22. Ne4 Ka8 23. Ke2 f5 24. d6 Nxd6 25.
Nxd6 Bxd6 26. Bg5 Rde8 27. Bf6 Rhf8 28. Bg5 e4 29. f4 Bxf4 30. Bxf4 Qxf4 31. Rxb6 Qf3+ 32.
Kf1 Qxa3 33. Rxg6 Qxh3+ 34. Ke1 e3 35. Rg7 exf2+ 36. Kxf2 Qe3+ 37. Kg2 Qe2+ 0-1

[Event "Live Chess"]
[Site "Chess.com"]
[Date "2023.05.20"]
[Round "-"]
[White "Brooms1989"]
[Black "diana21strabt"]
[Result "0-1"]
[WhiteElo "1031"]
[BlackElo "1702"]
[TimeControl "300"]
[EndTime "14:08:55 PDT"]
[Termination "diana21strabt won by checkmate"]

1. e4 d5 2. exd5 Qxd5 3. Nc3 Qa5 4. d4 Nf6 5. Nf3 Bg4 6. h3 Bh5 7. Be2 Nc6 8. O-O O-O-O 9. Be3 e5 10. Bd2 Bxf3 11. Bxf3 Nxd4 12. Ne4 Nxf3+ 13. Qxf3 Qb6 14. Rab1 Nxe4 15. Be3 Qc6 16. Qf5+ Kb8 17. Qxe5 Bd6 18.
Qa5 a6 19. c3 f5 20. Rbd1 f4 21. Bd4 f3 22. g3 Bxg3 23. fxg3 Qg6 24. Rxf3 Nxg3 25.
Kh2 Rhe8 26. Be5 Rxd1 27. Qxc7+ Ka8 28. Rf7 Nf1+ 29. Kh1 Ne3+ 30. Kh2 Qg2# 0-1

[Event "Live Chess"]
[Site "Chess.com"]
[Date "2023.05.20"]
[Round "-"]
[White "manthanit"]
[Black "GEMdzq"]
[Result "0-1"]
[WhiteElo "1017"]
[BlackElo "2234"]
[TimeControl "300"]
[EndTime "14:08:59 PDT"]
[Termination "GEMdzq won by checkmate"]

1. e4 d6 2. Nf3 Nf6 3. Nc3 g6 4. Bc4 Bg7 5. d3 O-O 6. O-O c5 7. a4 Nc6 8. Be3 Ng4 9. Ng5 Nce5 10. h3 Nxe3 11. fxe3 Nxc4 12. dxc4 h6 13.
Nf3 Bd7 14. Nd5 Bc6 15. Rb1 e6 16. Nf4 Bxa4 17. b3 Bc6 18. Qe2 Bxe4 19. Rbd1 Qc7 20. Nh4 g5 21. Nxe6 fxe6 22. Rxf8+ Rxf8 23. Nf3 Bxf3 24. gxf3 Qc6 25. Rf1 d5 26. cxd5 exd5 27. c4 d4 28.
exd4 Bxd4+ 29. Kg2 Re8 30. Qd3 Qe6 31. Kh1 Qxh3# 0-1

[Event "Live Chess"]
[Site "Chess.com"]
[Date "2023.05.20"]
[Round "-"]
[White "weibs440"]
[Black "TheSmoulderingMaster"]
[Result "0-1"]
[WhiteElo "927"]
[BlackElo "1715"]
[TimeControl "300"]
[EndTime "14:09:16 PDT"]
[Termination "TheSmoulderingMaster won by resignation"]

1. e4 c5 2. Nc3 Nc6 3. f4 e6 4. Nf3 Nf6 5. Bb5 Qc7 6. O-O Qxf4 7. Nd4 Qe5 8. Nxc6 dxc6 9. Bc4 Nxe4 10. Re1 Qd4+ 11.
Kh1 Nf2+ 0-1

[Event "Live Chess"]
[Site "Chess.com"]
[Date "2023.05.20"]
[Round "-"]
[White "FlyingChessKestrel13"]
[Black "Myrkur"]
[Result "1-0"]
[WhiteElo "2120"]
[BlackElo "2442"]
[TimeControl "300"]
[EndTime "14:09:17 PDT"]
[Termination "FlyingChessKestrel13 won by resignation"]

1. e4 c6 2. d4 d5 3. exd5 cxd5 4. c4 Nf6 5. Nc3 Nc6 6. Nf3 Bg4 7. Be3 e6 8. c5 Ne4 9. Be2 f5 10. O-O Be7 11. a3 Bf6 12. Rb1 O-O 13. Rc1 a5 14.
h3 Bxf3 15. Bxf3 b6 16. Bxe4 fxe4 17. Nb5 bxc5 18. Rxc5 Ne7 19. Nc7 Qd6 20. Nxa8 Rxa8 21. Qc2 Rf8 22. Rc1 Nf5 23. Rc6 Qd7 24. Rc7 Qb5 25.
a4 Qb4 26. Qc6 Bxd4 27. Qxe6+ Kh8 28. Rc8 Nxe3 29. Rxf8+ Qxf8 30. Rc8 1-0

[Event "Live Chess"]
[Site "Chess.com"]
[Date "2023.05.20"]
[Round "-"]
[White "toog"]
[Black "whitedjohn"]
[Result "1-0"]
[WhiteElo "2615"]
[BlackElo "1664"]
[TimeControl "300"]
[EndTime "14:09:25 PDT"]
[Termination "toog won by checkmate"]

1. b4 e5 2. Bb2 Bxb4 3. Bxe5 Nf6 4. Nf3 Nc6 5. Bb2 O-O 6. e3 d5 7. Bb5 Bg4 8. h3 Bh5 9. O-O a6 10. Be2 Re8 11. a3 Bd6 12. d3 Ne5 13. Nxe5 Bxe2 14.
Qxe2 Bxe5 15. Bxe5 Rxe5 16. Nd2 Qd7 17. Nf3 Re7 18.
Rab1 b6 19. Rfc1 Qd6 20. a4 a5 21. c4 dxc4 22. Rxc4 Nd5 23. Rbc1 Nb4 24. Nd4 g6 25. R4c3 c5 26. Nb5 Qd7 27. d4 cxd4 28. Rc7 Qe6 29.
Rxe7 Qxe7 30. Nxd4 Rd8 31. Qb5 Qd6 32. h4 Kg7 33. h5 Rd7 34. Qg5 Qd5 35. h6+ Kf8 36.
Rc8+ Rd8 37. Rxd8+ Qxd8 38. Qxd8# 1-0